 Dungeon Crawl Stone Soup version 0.27-a0-200-g8ba017916c (webtiles) character file.

Game seed: 1005449949913778246

539 innerfire43 the Archer (level 7, 0/51 HPs)
             Began as a Demonspawn Wanderer on Jan 29, 2021.
             Was an Initiate of Nemelex Xobeh.
             Slain by an ufetubus (5 damage)
             ... on level 6 of the Dungeon.
             The game lasted 00:11:29 (3335 turns).

innerfire43 the Archer (Demonspawn Wanderer)        Turns: 3335, Time: 00:11:30

Health: 0/51       AC:  5    Str: 15    XL:     7   Next: 5%
Magic:  6/6        EV: 12    Int: 10    God:    Nemelex Xobeh [......]
Gold:   213        SH:  0    Dex: 13    Spells: 6/6 levels left

rFire    + . .     SeeInvis .   (no weapon)
rCold    + . .     Faith    .   (no shield)
rNeg     . . .     Spirit   .   j - +2 robe of the Lily {rF+}
rPois    .         Reflect  .   (helmet restricted)
rElec    .         Harm     .   (no cloak)
rCorr    .         Rampage  .   (no gloves)
Will     .....                  (no boots)
Stlth    +.........             (no amulet)
HPRegen  0.17/turn              h - ring of protection from cold
MPRegen  0.20/turn              (no ring)

@: very slightly contaminated, hasted, invisible, very quick
A: claws 1, horns 1, dopey 1, low mp 1, powered by pain 1, magic regeneration,
MP-powered wands, sharp scales 1
a: Renounce Religion, Draw Escape, Draw Destruction, Draw Summoning


You were on level 6 of the Dungeon.
You worshipped Nemelex Xobeh.
Nemelex Xobeh was noncommittal.
You visited 1 branch of the dungeon, and saw 4 of its levels.

You collected 213 gold pieces.

Inventory:

Hand Weapons
 a - a +2 shortbow
 o - a +0 spear
Missiles
 b - 18 arrows
Armour
 e - a +0 robe
 j - the +2 robe of the Lily (worn) {rF+}
   (You found it on level 6 of the Dungeon)

   It protects you from fire.
 n - a +0 leather armour
 r - a +0 ring mail
Jewellery
 h - a ring of protection from cold (left claw)
Wands
 q - a wand of acid (9)
 v - a wand of flame (24)
Scrolls
 c - 4 scrolls of teleportation
 d - a scroll of enchant armour {unknown}
 f - a scroll of magic mapping
 g - 2 scrolls of remove curse
 k - a scroll of fear
 m - 2 scrolls of identify
Potions
 i - 2 potions of degeneration
 l - a potion of invisibility


   Skills:
 + Level 2.6 Fighting
 + Level 8.5 Bows
 + Level 1.9 Armour
 + Level 1.3 Dodging
 + Level 0.7 Stealth
 + Level 1.7 Shields
 + Level 0.5 Unarmed Combat


You had 6 spell levels left.
You didn't know any spells.
Your spell library was empty.

Dungeon Overview and Level Annotations

Branches:
Dungeon (3/15)

Altars:
Nemelex Xobeh
Ru


Innate Abilities, Weirdness & Mutations

You have sharp fingernails.
You sometimes gain a little power by taking damage.
You regenerate magic rapidly.
You are partially covered in razor-sharp scales. (AC +1, Slay +1)
You have a pair of small horns on your head.
You are dopey. (Int -2)
Your magical capacity is low. (-10% MP)
You expend magic power (3 MP) to strengthen your wands.


Message History

The ufetubus closely misses you. The ufetubus hits you.
* * * LOW HITPOINT WARNING * * *
The ufetubus hits you.
* * * LOW HITPOINT WARNING * * *
It was a potion of invisibility.
You fade into invisibility!
The ufetubus hits you but does no damage.
The ufetubus misses you.
You are very lightly contaminated with residual magic.
It was a potion of haste.
You feel yourself speed up. The ufetubus barely misses you.
The ufetubus misses you. The ufetubus hits you.
* * * LOW HITPOINT WARNING * * *
The ufetubus closely misses you.
It was a potion of mutation.
You feel extremely strange.
You feel less energetic.
You feel your magical essence link to the dungeon's wands.
You feel stupid. A pair of horns grows on your head!
The ufetubus closely misses you. The ufetubus hits you.
You die...
Your body disappears without a glow.

..# #.#.# #
#...###.####
##........$.
#...######
#.(.#######
#.........#
#...#####.#
#...#####<##
#.@.†..(..(#
##†5...((....#
#(######.(###
#..........#
#.......#####.((#
####.....# (.#
#"......# .#
#......... .#
...........


You could see an ufetubus.

Vanquished Creatures
  A sky beast (D:6)
  An ogre (D:6)
  A bullfrog (D:2)
  A scorpion (D:6)
  An orc priest (D:6)
  2 orc wizards
  2 worker ants
  2 adders (D:3)
  4 oozes
  3 worms
  2 dart slugs (D:1)
  4 leopard geckos
  8 orcs
  2 giant cockroaches
  5 goblins
  8 hobgoblins
  4 jackals (D:3)
  8 kobolds
  2 quokkas
  5 bats
  4 frilled lizards
  7 rats
77 creatures vanquished.

Notes
Turn   | Place    | Note
-------+----------+-------------------------------------------
     0 | D:1      | innerfire43 the Demonspawn Wanderer began the quest for the
                  | Orb.
     0 | D:1      | innerfire43 set off with the following items: a +2
                  | shortbow, 26 arrows, a scroll of teleportation, a potion of
                  | curing, a +0 robe
     0 | D:1      | Reached XP level 1. HP: 15/15 MP: 1/1
   141 | D:1      | Gained mutation: You have sharp fingernails. [demonic
                  | ancestry]
   141 | D:1      | Reached XP level 2. HP: 21/21 MP: 2/2
   943 | D:2      | Gained mutation: You regenerate magic rapidly. [demonic
                  | ancestry]
   943 | D:2      | Reached XP level 3. HP: 26/26 MP: 3/3
  1027 | D:2      | Reached skill level 7 in Bows
  1107 | D:2      | Noticed a bullfrog
  1113 | D:2      | Killed a bullfrog
  1114 | D:2      | Gained mutation: You are partially covered in razor-sharp
                  | scales. (AC +1, Slay +1) [demonic ancestry]
  1114 | D:2      | Reached XP level 4. HP: 24/32 MP: 4/4
  1343 | D:2      | Reached XP level 5. HP: 37/37 MP: 5/5
  1489 | D:2      | Found a sacrificial altar of Ru.
  2378 | D:3      | Reached skill level 1 in Armour
  2756 | D:3      | Found a sparkling altar of Nemelex Xobeh.
  2770 | D:3      | Became a worshipper of Nemelex Xobeh the Trickster
  2810 | D:3      | Reached skill level 1 in Dodging
  2849 | D:3      | You fall into a shaft and drop 3 floors!
  2954 | D:6      | Got a twisted robe
  2965 | D:6      | Identified the +2 robe of the Lily {rF+} (You found it on
                  | level 6 of the Dungeon)
  2967 | D:6      | Noticed an ogre
  2974 | D:6      | Killed an ogre
  2975 | D:6      | Reached skill level 8 in Bows
  2975 | D:6      | Gained mutation: You sometimes gain a little power by
                  | taking damage. [demonic ancestry]
  2975 | D:6      | Reached XP level 6. HP: 24/44 MP: 6/6
  3294 | D:6      | Noticed a sky beast
  3319 | D:6      | Killed a sky beast
  3320 | D:6      | Reached XP level 7. HP: 28/51 MP: 7/7
  3335 | D:6      | Gained mutation: Your magical capacity is low. (-10% MP)
                  | [potion of mutation]
  3335 | D:6      | Gained mutation: You expend magic power (3 MP) to
                  | strengthen your wands. [potion of mutation]
  3335 | D:6      | Gained mutation: You are dopey. (Int -2) [potion of
                  | mutation]
  3335 | D:6      | Gained mutation: You have a pair of small horns on your
                  | head. [potion of mutation]
  3335 | D:6      | Slain by an ufetubus

Illustrated notes

Levels and vault maps discovered:
D:1:      lemuel_arrival_behind_the_door_large, layout_loops_corners
D:2:      layout_loops_ring, nicolae_ru_sacrificial_ziggurat
D:3:      layout_loops_ring, st_stairs_12, nemelex_dance_club_becter
D:6:      layout_loops_ring, minmay_temple_entry_purple_smoke, sigmund_army,
          uniq_blork_the_orc

Skill      XL: |  1  2  3  4  5 |
---------------+----------------+-----
Bows           | 7 8 |  8.5
Fighting       | 2 |  2.6
Armour         | 1 |  1.9
Dodging        | 1 |  1.3
Stealth        | |  0.7
Shields        | |  1.7
Unarmed Combat | |  0.5

Action                   |  1- 3 |  4- 6 |  7- 9 || total
-------------------------+-------+-------+-------++-------
Melee: Unarmed           |       |    43 |     6 ||    49
       Shortbow          |       |     6 |       ||     6
 Fire: Shortbow          |    70 |   150 |     3 ||   223
  Use: Scroll            |       |     7 |       ||     7
       Potion            |       |     4 |     3 ||     7
Armor: Robe              |     4 |    10 |     6 ||    20
       Ring mail         |       |    29 |       ||    29
       Leather armour    |       |     3 |       ||     3
Dodge: Dodged            |     8 |    89 |    27 ||   124

Table legend: (Time is in decaauts)
 A = Elapsed time spent in this place.
 B = Non-inter-level travel time spent in this place.
 C = Inter-level travel time spent in this place.
 D = Time resting spent in this place.
 E = Time spent auto-exploring this place.
 F = Levels seen in this place.
 G = Mean time per level.
                   A        B        C        D        E       F      G
               +--------+--------+--------+--------+--------+-----+--------+
         Total |   3329 |   3329 |      0 |      0 |   2379 |   4 |  832.2 |
       Dungeon |   3329 |   3329 |      0 |      0 |   2379 |   4 |  832.2 |
               +--------+--------+--------+--------+--------+-----+--------+

Top non-repeatable levels by time:
     D:3: 1104 daAuts
     D:2: 953 daAuts
     D:1: 790 daAuts
     D:6: 480 daAuts
